 Dungeon Sprint DCSS version 0.29.1-13-g9f3cf754e1 (webtiles) character file.

Game seed: 2197650585649482161

3269 Groucho the Geomancer (level 9, 0/39 HPs)
             Began as a Spriggan Earth Elementalist on Feb 5, 2023.
             Was a High Priest of Vehumet.
             Killed from afar by an orc sorcerer (22 damage)
             ... with a bolt of fire
             ... in the Dungeon (Sprint VII: "The Pits").
             The game lasted 00:09:57 (4422 turns).

Groucho the Geomancer (Spriggan Earth Elementalist) Turns: 4422, Time: 00:09:58

Health: 0/39       AC:  3    Str: 10    XL:     9   Next: 68%
Magic:  19/25      EV: 25    Int: 20    God:    Vehumet [*****.]
Gold:   0          SH:  0    Dex: 16    Spells: 27/31 levels left

rFire   . . .      SeeInvis +   l - +1 short sword (protect)
rCold   . . .      Faith    .   (no shield)
rNeg    . . .      Spirit   .   a - +0 robe
rPois   .          Reflect  .   (helmet restricted)
rElec   .          Harm     .   p - +0 cloak
rCorr   .          Rampage  .   (gloves unavailable)
Will    +....      NoTele   +   (boots unavailable)
Stlth   ++........              (no amulet)
HPRegen 0.13/turn               k - +3 ring of strength
MPRegen 0.19/turn               m - +3 ring of strength

@: very quick
A: very small, no large weapons, unfitting armour, see invisible, speed 3
a: Renounce Religion


You were in the Dungeon.
You worshipped Vehumet.
Vehumet was extremely pleased with you.
You visited 1 branch

Inventory:

Hand Weapons
 l - a +1 short sword of protection (weapon)
Armour
 a - a +0 robe (worn)
 p - a +0 cloak (worn)
Jewellery
 k - a +3 ring of strength (left hand)
 m - a +3 ring of strength (right hand)
Scrolls
 g - a scroll of blinking
 i - 5 scrolls of amnesia
 j - a scroll of summoning
Potions
 b - 5 potions of magic
 c - 5 potions of curing
 d - 14 potions of heal wounds
 e - a potion of haste
 f - 4 potions of berserk rage
 h - 2 potions of invisibility
 n - 3 potions of brilliance
 o - a potion of resistance


   Skills:
 + Level 12.6 Dodging
 - Level 3.0 Stealth
 + Level 11.8 Spellcasting
 * Level 9.4 Conjurations
 - Level 1.3 Transmutations
 * Level 12.8 Earth Magic


You had 27 spell levels left.
You knew the following spells:

 Your Spells              Type           Power      Damage    Failure   Level
a - Sandblast             Erth           100%       2d20      1%          1
b - Stone Arrow           Conj/Erth      100%       3d13      1%          3

Your spell library contained the following spells:

 Spells                   Type           Power      Damage    Failure   Level
 Fireball                 Conj/Fire      15%        3d8       6%          5
 Passwall                 Tmut/Erth      33%        N/A       1%          2
 Petrify                  Tmut/Erth      40%        N/A       3%          4


Dungeon Overview and Level Annotations

Branches:
Dungeon (1/1)

Altars:
Ashenzari
Cheibriados
Dithmenos
Elyvilon
Fedhas
Gozag
Hepliaklqana
Kikubaaqudgha
Makhleb
Nemelex Xobeh
Okawaru
Qazlal
Ru
Sif Muna
Trog
Uskayaw
Vehumet
Wu Jian
Xom
Yredelemnul
Zin
The Shining One
Jiyva
Lugonu


Innate Abilities, Weirdness & Mutations

You are very small and have problems with some larger weapons.
You are too small for most types of armour.
You have supernaturally acute eyesight. (SInv)
You cover ground extremely quickly. (Speed+++)


Message History

Casting: Sandblast (safe; 1% risk of failure)
Confirm with . or Enter, or press ? or * to list all spells.
Aiming: Sandblast (safe; 1% risk of failure)
Press: ? - help, Shift-Dir - straight line, f/p - merfolk
Aim: a merfolk, wielding a +0 trident (almost dead, 82% to hit)
The blast of sand hits the merfolk!
The merfolk is almost dead.
The merfolk barely misses you.
The orc sorcerer casts a spell.
The merfolk hits you from afar with a +0 trident!!
Unknown command.
Unknown command.
Casting: Sandblast (safe; 1% risk of failure)
Confirm with . or Enter, or press ? or * to list all spells.
Aiming: Sandblast (safe; 1% risk of failure)
Press: ? - help, Shift-Dir - straight line, f/p - merfolk
Aim: a merfolk, wielding a +0 trident (almost dead, 82% to hit)
The blast of sand misses the merfolk.
The blast of sand hits the orc sorcerer.
The orc sorcerer is lightly wounded.
The orc sorcerer mumbles some strange words.
The merfolk closely misses you.
Unknown command.
Unknown command.
Casting: Sandblast (safe; 1% risk of failure)
Confirm with . or Enter, or press ? or * to list all spells.
Aiming: Sandblast (safe; 1% risk of failure)
Press: ? - help, Shift-Dir - straight line, f/p - merfolk
Aim: a merfolk, wielding a +0 trident (almost dead, 82% to hit)
The blast of sand hits the merfolk!
You kill the merfolk!
Vehumet accepts your kill.
You feel your power returning.
Unknown command.
Unknown command.
You see here a +0 club.
The orc sorcerer gestures at you while chanting.
The bolt of fire hits you!!
Ouch! That really hurt!
You die...

############ #_________.#
#_________.#
#_______...###########++#####
##########'##................
#.?(.')))'.##......#..#......
##########.##................
#.......))).@.))..........)..
#'#####'#####)...44#..#......
#.#..#..#..##....o))..)......
#.#..'..'..#####'#####''#####
#.##)####+###.......##''#####
#.#..รท.....##.......##m.....#
#)#........##.......##....###
#.#####'#####...<...##...##
#.#..[)))..##.......##..##


You could see an orange demon, an ice devil (summoned) and an orc sorcerer.

Vanquished Creatures
  A death yak (D)
  A sea snake (D)
  An orc knight (D)
  A molten gargoyle (D)
  An efreet (D)
  A red devil (D)
  A merfolk (D)
  A fire bat (D)
  A warg (D)
  2 orc warriors (D)
  An ice beast (D)
  A phantom (D)
  A crimson imp (D)
  A quasit (D)
  2 jellies (D)
  An orc priest (D)
  A gnoll bouda (D)
  An iguana (D)
  4 gnolls (D)
  2 adders (D)
  A white imp (D)
  2 ufetubi (D)
  2 orcs (D)
  2 ball pythons (D)
  A bat skeleton (D)
  An endoplasm (D)
  A giant cockroach (D)
  A jackal zombie (D)
  2 kobolds (D)
  A rat (D)
40 creatures vanquished.

Notes
Turn   | Place    | Note
-------+----------+-------------------------------------------
     0 | D        | Groucho the Spriggan Earth Elementalist began the quest for
                  | the Orb.
     0 | D        | Reached XP level 1. HP: 9/9 MP: 5/5
    36 | D        | Found a bloodstained altar of Trog.
    36 | D        | Found a shimmering blue altar of Sif Muna.
    36 | D        | Found a viscous altar of Jiyva.
    36 | D        | Found a hazy altar of Hepliaklqana.
    36 | D        | Found an opulent altar of Gozag.
    37 | D        | Found a glowing golden altar of the Shining One.
    37 | D        | Found a glowing silver altar of Zin.
    37 | D        | Found a basalt altar of Yredelemnul.
    37 | D        | Found a shimmering altar of Xom.
    37 | D        | Found an ornate altar of the Wu Jian Council.
    37 | D        | Found a sacrificial altar of Ru.
    37 | D        | Found a stormy altar of Qazlal.
    37 | D        | Found an iron altar of Okawaru.
    37 | D        | Found a sparkling altar of Nemelex Xobeh.
    37 | D        | Found a burning altar of Makhleb.
    37 | D        | Found a blossoming altar of Fedhas.
    37 | D        | Found a white marble altar of Elyvilon.
    37 | D        | Found a shadowy altar of Dithmenos.
    37 | D        | Found a snail-covered altar of Cheibriados.
    38 | D        | Found a radiant altar of Vehumet.
    38 | D        | Found a corrupted altar of Lugonu.
    39 | D        | Found a hide-covered altar of Uskayaw.
    39 | D        | Found an ancient bone altar of Kikubaaqudgha.
    39 | D        | Found a broken altar of Ashenzari.
    46 | D        | Became a worshipper of Vehumet
   418 | D        | Reached * piety under Vehumet
   418 | D        | Offered knowledge of Magic Dart by Vehumet.
   419 | D        | Reached XP level 2. HP: 13/13 MP: 2/7
   930 | D        | Reached ** piety under Vehumet
   930 | D        | Offered knowledge of Freeze by Vehumet.
  1276 | D        | Offered knowledge of Static Discharge by Vehumet.
  1276 | D        | Reached *** piety under Vehumet
  1277 | D        | Reached skill level 5 in Dodging
  1277 | D        | Reached skill level 5 in Spellcasting
  1277 | D        | Reached skill level 5 in Earth Magic
  1277 | D        | Reached XP level 3. HP: 7/16 MP: 2/10
  1279 | D        | Noticed a warg
  1280 | D        | Reached XP level 4. HP: 9/21 MP: 1/12
  1506 | D        | Offered knowledge of Inner Flame by Vehumet.
  1511 | D        | Learned a level 3 spell: Stone Arrow
  1553 | D        | Reached skill level 1 in Conjurations
  1565 | D        | Reached **** piety under Vehumet
  1566 | D        | Reached XP level 5. HP: 23/24 MP: 9/14
  1570 | D        | Killed a warg
  1841 | D        | Offered knowledge of Flame Wave by Vehumet.
  1842 | D        | Reached XP level 6. HP: 28/28 MP: 13/17
  1844 | D        | Noticed a sea snake
  1854 | D        | Killed a sea snake
  1855 | D        | Reached XP level 7. HP: 6/32 MP: 1/20
  2311 | D        | Noticed a fire bat
  2313 | D        | Killed a fire bat
  2313 | D        | Reached ***** piety under Vehumet
  2313 | D        | Offered knowledge of Conjure Ball Lightning by Vehumet.
  2314 | D        | Reached skill level 10 in Dodging
  2314 | D        | Reached skill level 10 in Earth Magic
  2327 | D        | Reached XP level 8. HP: 31/36 MP: 1/22
  2654 | D        | Noticed a death yak
  2655 | D        | Noticed a red devil
  2681 | D        | Killed a death yak
  2682 | D        | Reached skill level 10 in Spellcasting
  2683 | D        | Killed a red devil
  3111 | D        | Noticed a molten gargoyle
  3140 | D        | Killed a molten gargoyle
  3141 | D        | Reached XP level 9. HP: 30/39 MP: 14/25
  3914 | D        | Noticed an efreet
  3914 | D        | Noticed an orc knight
  3945 | D        | Killed an orc knight
  4326 | D        | Offered knowledge of Fireball by Vehumet.
  4334 | D        | Killed an efreet
  4393 | D        | Noticed a merfolk
  4395 | D        | Noticed an orc sorcerer
  4395 | D        | Noticed an orange demon
  4417 | D        | Noticed an ice devil
  4418 | D        | Noticed an ice devil
  4418 | D        | Killed a merfolk
  4422 | D        | Killed from afar by an orc sorcerer

Illustrated notes

Levels and vault maps discovered:
D:        pitsprint [storerooms_1, entrance_room_1, metal_vault_6, armoury_2,
          mini_pit_1, grid_room_1, main_hall_1, silver_pit, the_coven_2,
          the_vestibule_1, steel_vault_5, golden_pit, hallway_of_sentries,
          crystal_vault_2, iron_vault_1, final_vault]

Skill      XL: |  1  2  3  4  5  6  7  8  9 |
---------------+----------------------------+-----
Dodging        | 3 5 6 7 9 10 11 12 | 12.6
Spellcasting   | 3 5 6 7 9 11 | 11.8
Earth Magic    | 3 5 6 7 9 10 12 | 12.8
Conjurations   | 2 3 6 8 9 |  9.4
Stealth        | |  3.0
Transmutations | |  1.3

Action                   |  1- 3 |  4- 6 |  7- 9 || total
-------------------------+-------+-------+-------++-------
Melee: Short sword       |       |       |     6 ||     6
 Cast: Sandblast         |    22 |    12 |    19 ||    53
       Stone Arrow       |       |     7 |    42 ||    49
  Use: Potion            |       |     1 |       ||     1
Armor: Robe              |     5 |     1 |       ||     6
Dodge: Dodged            |    23 |    12 |    17 ||    52
